PL
HOLLYWOOD SHREDDERS @ NEW ORLEANS VOODOO
08/30/2042
 
TOP OF THE 1ST
Hollywood Shredders batting - Pitching for New Orleans Voodoo : RHP John Combs
Pitching: RHP John Combs
Batting: RHB Lautaro Lacasa 0-0: Ball
1-0: Bunted foul
1-1: Fly out, F9 (Flyball, 9, EV 85.0 MPH)
Batting: LHB Kanko Umaba 0-0: Ball
1-0: Ball
2-0: Foul Ball, location: 2F
2-1: Foul Ball, location: 2F
2-2: Ball
3-2: Base on Balls
Batting: RHB Richard Trevithick 0-0: Ball
1-0: Grounds into double play, 5-4-3 (Groundball, 56S, EV 83.8 MPH)
Top of the 1st over - 0 runs, 0 hits, 0 errors, 0 left on base; Hollywood 0 - New Orleans 0
BOTTOM OF THE 1ST
New Orleans Voodoo batting - Pitching for Hollywood Shredders : RHP Jesús Vidro
Pitching: RHP Jesús Vidro
Batting: LHB José Soriano 0-0: Fly out, F2 (Popup, 23F, EV 73.8 MPH)
Batting: LHB Augusto Reyes 0-0: Ball
1-0: Ball
2-0: Foul Ball, location: 2F
2-1: Ball
3-1: Swinging Strike
3-2: Foul Ball, location: 2F
3-2: Base on Balls
Batting: LHB Derek Corbin 0-0: Ball
1-0: Ball
2-0: Swinging Strike
2-1: Grounds into double play, 4-6-3 (Groundball, 4, EV 104.4 MPH)
Bottom of the 1st over - 0 runs, 0 hits, 0 errors, 0 left on base; Hollywood 0 - New Orleans 0
TOP OF THE 2ND
Hollywood Shredders batting - Pitching for New Orleans Voodoo : RHP John Combs
Batting: RHB Ramón Rodríguez 0-0: Ball
1-0: Foul Ball, location: 2F
1-1: Fly out, F8 (Flyball, 8LM, EV 90.6 MPH)
Batting: RHB Mario Castillo 0-0: Ball
1-0: Ball
2-0: Ball
3-0: Base on Balls
Batting: LHB Divine Diablo 0-0: Called Strike
0-1: Swinging Strike
0-2: Ball
1-2: Ball
2-2: Foul Ball, location: 2F
2-2: 2-RUN HOME RUN (Flyball, 8RXD, EV 108.1 MPH), Distance : 432 ft
Batting: LHB Gilberto Ocasio 0-0: Called Strike
0-1: Ball
1-1: SINGLE (Groundball, 3S, EV 87.5 MPH) (infield hit)
Batting: RHB Sayed Walid 0-0: Called Strike
0-1: Ball
1-1: SINGLE (Groundball, 34D, EV 97.5 MPH)
Gilberto Ocasio to second
Runner from 2nd tries for 3rd, SAFE, no throw by RF
Batting: RHB John Yossarian 0-0: Called Strike
0-1: Foul Ball, location: 2F
0-2: Ball
1-2: Strikes out swinging
Batting: RHB Lautaro Lacasa 0-0: Foul Ball, location: 2F
0-1: Called Strike
0-2: Ball
1-2: Ball
2-2: Foul Ball, location: 2F
2-2: Foul Ball, location: 2F
2-2: Fielders Choice at 2nd, U6 (Groundball, 6M, EV 80.6 MPH)
Top of the 2nd over - 2 runs, 3 hits, 0 errors, 2 left on base; Hollywood 2 - New Orleans 0
BOTTOM OF THE 2ND
New Orleans Voodoo batting - Pitching for Hollywood Shredders : RHP Jesús Vidro
Batting: LHB Dave Summers 0-0: Foul Ball, location: 2F
0-1: Ball
1-1: Ball
2-1: Foul Ball, location: 2F
2-2: Foul Ball, location: 2F
2-2: Ball
3-2: DOUBLE (Groundball, 3L, EV 106.9 MPH)
Batting: RHB Júlio Sahagún 0-0: Called Strike
0-1: SINGLE (Line Drive, 7LS, EV 103.1 MPH)
Dave Summers to third
Batting: LHB Weston Doyle 0-0: Called Strike
0-1: Fielders Choice at 2nd, 4-6 (Groundball, 4, EV 101.9 MPH)
Dave Summers scores
Batting: RHB Jeff Bowers 0-0: Ball
1-0: Called Strike
1-1: SINGLE (Groundball, 56D, EV 98.1 MPH)
Weston Doyle to second
Batting: RHB Vitorio Flores 0-0: Called Strike
0-1: Swinging Strike
0-2: Foul Ball, location: 2F
0-2: Strikes out swinging
Batting: RHB Arturo Cicerón 0-0: Ball
1-0: Ball
2-0: Foul Ball, location: 2F
2-1: Fly out, F9 (Flyball, 89D, EV 90.0 MPH)
Bottom of the 2nd over - 1 run, 3 hits, 0 errors, 2 left on base; Hollywood 2 - New Orleans 1
TOP OF THE 3RD
Hollywood Shredders batting - Pitching for New Orleans Voodoo : RHP John Combs
Batting: LHB Kanko Umaba 0-0: Swinging Strike
0-1: Called Strike
0-2: Ball
1-2: Foul Ball, location: 2F
1-2: Fly out, F7 (Flyball, 7S, EV 86.9 MPH)
Batting: RHB Richard Trevithick 0-0: Called Strike
0-1: Ball
1-1: Foul Ball, location: 2F
1-2: Ball
2-2: Ball
3-2: Ground out 6-3 (Groundball, 6, EV 105.6 MPH)
Batting: RHB Ramón Rodríguez 0-0: Called Strike
0-1: Swinging Strike
0-2: Ball
1-2: Strikes out looking
Top of the 3rd over - 0 runs, 0 hits, 0 errors, 0 left on base; Hollywood 2 - New Orleans 1
BOTTOM OF THE 3RD
New Orleans Voodoo batting - Pitching for Hollywood Shredders : RHP Jesús Vidro
Batting: LHB José Soriano 0-0: SINGLE (Groundball, 3D, EV 97.5 MPH)
Batting: LHB Augusto Reyes 0-0: Called Strike
0-1: Called Strike
0-2: Ball
1-2: Foul Ball, location: 2F
1-2: Foul Ball, location: 2F
1-2: Strikes out swinging
Batting: LHB Derek Corbin 0-0: Ball
1-0: Called Strike
1-1: Swinging Strike
1-2: Strikes out swinging
Batting: LHB Dave Summers 0-0: Called Strike
0-1: Foul Ball, location: 2F
0-2: Strikes out swinging
Bottom of the 3rd over - 0 runs, 1 hit, 0 errors, 1 left on base; Hollywood 2 - New Orleans 1
TOP OF THE 4TH
Hollywood Shredders batting - Pitching for New Orleans Voodoo : RHP John Combs
Batting: RHB Mario Castillo 0-0: SOLO HOME RUN (Flyball, 89XD, EV 112.5 MPH), Distance : 375 ft
Batting: LHB Divine Diablo 0-0: Ball
1-0: Called Strike
1-1: SINGLE (Groundball, 4MD, EV 102.5 MPH)
Batting: LHB Gilberto Ocasio 0-0: TRIPLE (Flyball, 8RXD, EV 92.5 MPH)
Divine Diablo scores
Batting: RHB Sayed Walid 0-0: Called Strike
0-1: Ball
1-1: Swinging Strike
1-2: Ball
2-2: Fly out, F8 (Flyball, 8LS, EV 86.9 MPH)
Batting: RHB John Yossarian 0-0: SINGLE (Groundball, 4MD, EV 109.4 MPH)
Gilberto Ocasio scores
Batting: RHB Lautaro Lacasa 0-0: Called Strike
0-1: Foul Ball, location: 2F
0-2: Ball
1-2: Ball
2-2: Ball
3-2: Grounds into double play, 6-4-3 (Groundball, 6, EV 102.5 MPH)
Top of the 4th over - 3 runs, 4 hits, 0 errors, 0 left on base; Hollywood 5 - New Orleans 1
BOTTOM OF THE 4TH
New Orleans Voodoo batting - Pitching for Hollywood Shredders : RHP Jesús Vidro
Batting: RHB Júlio Sahagún 0-0: Ball
1-0: Ground out 5-3 (Groundball, 56, EV 88.8 MPH)
Batting: LHB Weston Doyle 0-0: Ball
1-0: Swinging Strike
1-1: Ground out 5-3 (Groundball, 6, EV 83.8 MPH)
Batting: RHB Jeff Bowers 0-0: Called Strike
0-1: Swinging Strike
0-2: Ball
1-2: Ball
2-2: Ball
3-2: Strikes out looking
Bottom of the 4th over - 0 runs, 0 hits, 0 errors, 0 left on base; Hollywood 5 - New Orleans 1
TOP OF THE 5TH
Hollywood Shredders batting - Pitching for New Orleans Voodoo : RHP John Combs
Batting: LHB Kanko Umaba 0-0: Called Strike
0-1: Ball
1-1: Ball
2-1: Foul Ball, location: 2F
2-2: Fly out, F7 (Flyball, 7S, EV 88.8 MPH)
Batting: RHB Richard Trevithick 0-0: Foul Ball, location: 2F
0-1: SOLO HOME RUN (Flyball, 78XD, EV 101.2 MPH), Distance : 411 ft
Pitching: RHP Marcus Morgan
Batting: RHB Ramón Rodríguez 0-0: Foul Ball, location: 2F
0-1: Ball
1-1: Fly out, F7 (Flyball, 7LS, EV 86.9 MPH)
Batting: RHB Mario Castillo 0-0: Ball
1-0: Ball
2-0: Foul Ball, location: 2F
2-1: Foul Ball, location: 2F
2-2: Foul Ball, location: 2F
2-2: Ball
3-2: Foul Ball, location: 2F
3-2: Fly out, F9 (Flyball, 9S, EV 91.2 MPH)
Top of the 5th over - 1 run, 1 hit, 0 errors, 0 left on base; Hollywood 6 - New Orleans 1
BOTTOM OF THE 5TH
New Orleans Voodoo batting - Pitching for Hollywood Shredders : RHP Jesús Vidro
Batting: RHB Vitorio Flores 0-0: Ball
1-0: Ball
2-0: Called Strike
2-1: Called Strike
2-2: Strikes out looking
Batting: RHB Arturo Cicerón 0-0: Ball
1-0: Swinging Strike
1-1: Ball
2-1: Ball
3-1: Called Strike
3-2: Strikes out swinging
Batting: LHB José Soriano 0-0: Foul Ball, location: 2F
0-1: Foul Ball, location: 2F
0-2: Ball
1-2: Hit by Pitch
Batting: LHB Augusto Reyes 0-0: Swinging Strike
0-1: Ball
1-1: Foul Ball, location: 2F
1-2: Ball
2-2: Fielders Choice at 2nd, 5-4 (Groundball, 5, EV 78.8 MPH)
Bottom of the 5th over - 0 runs, 0 hits, 0 errors, 1 left on base; Hollywood 6 - New Orleans 1
TOP OF THE 6TH
Hollywood Shredders batting - Pitching for New Orleans Voodoo : RHP Marcus Morgan
Batting: LHB Divine Diablo 0-0: Ground out 4-3 (Groundball, 34D, EV 95.0 MPH)
Batting: LHB Gilberto Ocasio 0-0: SOLO HOME RUN (Line Drive, 89XD, EV 108.1 MPH), Distance : 410 ft
Batting: RHB Sayed Walid 0-0: Ball
1-0: Called Strike
1-1: Ground out U3 (Groundball, 3L, EV 100.0 MPH)
Batting: RHB John Yossarian 0-0: Ball
1-0: Foul Ball, location: 2F
1-1: Called Strike
1-2: Strikes out swinging
Top of the 6th over - 1 run, 1 hit, 0 errors, 0 left on base; Hollywood 7 - New Orleans 1
BOTTOM OF THE 6TH
New Orleans Voodoo batting - Pitching for Hollywood Shredders : RHP Jesús Vidro
Batting: LHB Derek Corbin 0-0: Called Strike
0-1: Ground out 4-3 (Groundball, 4, EV 103.1 MPH)
Batting: LHB Dave Summers 0-0: Called Strike
0-1: Foul Ball, location: 2F
0-2: Foul Ball, location: 2F
0-2: Foul Ball, location: 2F
0-2: Foul Ball, location: 2F
0-2: Ball
1-2: Fly out, F9 (Flyball, 9LS, EV 97.5 MPH)
Batting: RHB Júlio Sahagún 0-0: Ball
1-0: Ground out 6-3 (Groundball, 6, EV 80.0 MPH)
Bottom of the 6th over - 0 runs, 0 hits, 0 errors, 0 left on base; Hollywood 7 - New Orleans 1
TOP OF THE 7TH
Hollywood Shredders batting - Pitching for New Orleans Voodoo : RHP Marcus Morgan
Batting: RHB Lautaro Lacasa 0-0: Fly out, F8 (Flyball, 8RS, EV 86.2 MPH)
Batting: LHB Kanko Umaba 0-0: Called Strike
0-1: Foul Ball, location: 2F
0-2: Ball
1-2: Ball
2-2: Ball
3-2: Fly out, F8 (Flyball, 8LM, EV 82.5 MPH)
Batting: RHB Richard Trevithick 0-0: Swinging Strike
0-1: Foul Ball, location: 2F
0-2: Fly out, F2 (Popup, 2LF, EV 91.9 MPH)
Top of the 7th over - 0 runs, 0 hits, 0 errors, 0 left on base; Hollywood 7 - New Orleans 1
BOTTOM OF THE 7TH
New Orleans Voodoo batting - Pitching for Hollywood Shredders : RHP Jesús Vidro
Pitching: LHP Cullen Taylor
Batting: LHB Weston Doyle 0-0: Called Strike
0-1: Fly out, F8 (Line Drive, 8RD, EV 91.2 MPH)
Batting: RHB Jeff Bowers 0-0: SINGLE (Groundball, 34D, EV 98.8 MPH)
Batting: RHB Vitorio Flores 0-0: Called Strike
Jeff Bowers steals 2nd base (no throw)
0-1: Ball
1-1: Called Strike
1-2: Ground out 5-3 (Groundball, 56S, EV 84.4 MPH)
Batting: RHB Arturo Cicerón 0-0: Called Strike
0-1: Ball
1-1: Ball
2-1: Swinging Strike
2-2: Fly out, F7 (Flyball, 78D, EV 97.5 MPH)
Bottom of the 7th over - 0 runs, 1 hit, 0 errors, 1 left on base; Hollywood 7 - New Orleans 1
TOP OF THE 8TH
Hollywood Shredders batting - Pitching for New Orleans Voodoo : RHP Marcus Morgan
Batting: RHB Ramón Rodríguez 0-0: Fly out, F7 (Flyball, 78M, EV 72.5 MPH)
Batting: RHB Mario Castillo 0-0: Ball
1-0: Foul Ball, location: 2F
1-1: Foul Ball, location: 2F
1-2: Ball
2-2: Fly out, F8 (Flyball, 8LM, EV 75.0 MPH)
Batting: LHB Divine Diablo 0-0: Foul Ball, location: 2F
0-1: Foul Ball, location: 2F
0-2: Ball
1-2: Ball
2-2: Foul Ball, location: 2F
2-2: Fly out, F9 (Flyball, 9S, EV 89.4 MPH)
Top of the 8th over - 0 runs, 0 hits, 0 errors, 0 left on base; Hollywood 7 - New Orleans 1
BOTTOM OF THE 8TH
New Orleans Voodoo batting - Pitching for Hollywood Shredders : LHP Cullen Taylor
Batting: LHB José Soriano 0-0: Ball
1-0: Ball
2-0: Called Strike
2-1: Fly out, F4 (Popup, 34D, EV 60.6 MPH)
Batting: LHB Augusto Reyes 0-0: Ball
1-0: Foul Ball, location: 2F
1-1: Ground out 4-3 (Groundball, 4, EV 85.6 MPH)
Batting: LHB Derek Corbin 0-0: Called Strike
0-1: Ball
1-1: Foul Ball, location: 2F
1-2: Strikes out looking
Bottom of the 8th over - 0 runs, 0 hits, 0 errors, 0 left on base; Hollywood 7 - New Orleans 1
TOP OF THE 9TH
Hollywood Shredders batting - Pitching for New Orleans Voodoo : RHP Marcus Morgan
Batting: LHB Gilberto Ocasio 0-0: Foul Ball, location: 2F
0-1: Ground out 4-3 (Groundball, 4, EV 106.2 MPH)
Batting: RHB Sayed Walid 0-0: Fly out, F4 (Popup, 3S, EV 85.0 MPH)
Batting: RHB John Yossarian 0-0: Foul Ball, location: 2F
0-1: Ball
1-1: Fly out, F7 (Line Drive, 7, EV 90.6 MPH)
Top of the 9th over - 0 runs, 0 hits, 0 errors, 0 left on base; Hollywood 7 - New Orleans 1
BOTTOM OF THE 9TH
New Orleans Voodoo batting - Pitching for Hollywood Shredders : LHP Cullen Taylor
Batting: LHB Dave Summers 0-0: Swinging Strike
0-1: Ball
1-1: Ball
2-1: Fly out, F8 (Flyball, 8RD, EV 109.4 MPH)
Batting: RHB Júlio Sahagún 0-0: Reached on error, E5 (Groundball, 56, EV 109.4 MPH)
Batting: LHB Weston Doyle 0-0: Ball
1-0: Ground out 4-3 (Groundball, 4D, EV 96.2 MPH)
Júlio Sahagún to third
Batting: RHB Jeff Bowers 0-0: Ball
1-0: Ground out 4-3 (Groundball, 4MS, EV 67.5 MPH)
Bottom of the 9th over - 0 runs, 0 hits, 1 error, 1 left on base; Hollywood 7 - New Orleans 1
Friday, March 26th, 2021 - OOTP Baseball 20.8 Build 74